[ AOE2 MATCH · #466746426 ]
UnrankedPersians vs Dravidians
[ REPLAY ANALYSIS · EXTRACTED FROM THE RECORDED GAME ]
Feudal
13:02
Castle
18:38
Imperial
41:21
| APM avg | 33.9 |
| APM peak | 64 |
| eAPM avg | 12.7 |
| Villagers / military | 129 / 126 |
Focus
⚔️ 22.7% · 🌾 77.3%
Scout Cavalry ×55 · Knight ×52 · Skirmisher ×15 · Fishing Ship ×10 · Fire Galley ×2 · Monk ×1
Feudal
14:41
Castle
19:56
Imperial
52:16
| APM avg | 29.6 |
| APM peak | 70 |
| eAPM avg | 16.8 |
| Villagers / military | 169 / 49 |
Focus
⚔️ 22.4% · 🌾 77.6%
Elephant Archer ×29 · Spearman ×15 · Skirmisher ×5 · Fishing Ship ×5
Feudal
12:15
Castle
22:51
Imperial
39:55
| APM avg | 17.4 |
| APM peak | 41 |
| eAPM avg | 9.5 |
| Villagers / military | 73 / 85 |
Focus
⚔️ 25.6% · 🌾 74.4%
Archer ×43 · Karambit Warrior ×30 · Fishing Ship ×12 · Battering Ram ×5 · Fire Galley ×3 · Trebuchet (Packed) ×3
Feudal
13:04
Castle
20:10
Imperial
—
| APM avg | 31.7 |
| APM peak | 67 |
| eAPM avg | 11.0 |
| Villagers / military | 95 / 39 |
Focus
⚔️ 23.1% · 🌾 76.9%
Conquistador ×35 · Fishing Ship ×9 · Unknown (2626) ×3 · Skirmisher ×2 · Scout Cavalry ×1 · Demolition Raft ×1
Feudal
13:48
Castle
18:57
Imperial
33:49
| APM avg | 15.5 |
| APM peak | 41 |
| eAPM avg | 10.4 |
| Villagers / military | 149 / 120 |
Focus
⚔️ 23.1% · 🌾 76.9%
Knight ×108 · Fishing Ship ×13 · War Elephant ×6 · Trebuchet (Packed) ×3 · Spearman ×1 · Battering Ram ×1
Feudal
13:40
Castle
17:25
Imperial
43:14
| APM avg | 34.0 |
| APM peak | 84 |
| eAPM avg | 14.8 |
| Villagers / military | 202 / 77 |
Focus
⚔️ 20.8% · 🌾 79.2%
Scout Cavalry ×42 · Conquistador ×30 · Fishing Ship ×7 · Fire Galley ×5 · Trade Cog ×2 · Unknown (2626) ×1
Feudal
12:36
Castle
17:57
Imperial
31:24
| APM avg | 31.8 |
| APM peak | 74 |
| eAPM avg | 19.5 |
| Villagers / military | 137 / 144 |
Focus
⚔️ 33.6% · 🌾 66.4%
Genoese Crossbowman ×97 · Scout Cavalry ×28 · Galley ×12 · Trebuchet (Packed) ×7 · Fishing Ship ×6
Feudal
13:50
Castle
18:12
Imperial
36:25
| APM avg | 44.8 |
| APM peak | 79 |
| eAPM avg | 20.9 |
| Villagers / military | 124 / 101 |
Focus
⚔️ 36.1% · 🌾 63.9%
Skirmisher ×51 · Conquistador ×21 · Fishing Ship ×21 · Spearman ×20 · Fire Galley ×7 · Demolition Raft ×2
Match map
Initial resources + every placement click. Lines = walls · curves = elevation contours. ◆ gold · ⬟ stone · ● berries · ✦ relic · ◌ wall gap
Your base· Open — 7t gap
de's base· Open — 4t gap
maly0728's base· Open — 5t gap
IAN2300252's base· Open — unwalled flank
Vishu's base· Open — 8t gap
我的魔法會撕裂你's base· Open — unwalled flank
织田信长's base· Open — 4t gap
eraser7987's base· Open — 6t gap
Smoothed initial terrain · ◌ = detected wall gap · hover for details
Inputs per minute
— melatonin6666 - - de
Build order — melatonin6666
First 150 of 294 actions detected
| 0:35 | Build | Town Center |
| 1:45 | Build | Dock |
| 2:30 | Build | House |
| 2:58 | Create | Villager (Male) |
| 2:58 | Create | Villager (Male) |
| 3:04 | Create | Fishing Ship |
| 3:13 | Create | Villager (Male) |
| 3:13 | Create | Villager (Male) |
| 3:14 | Create | Villager (Male) |
| 4:22 | Build | House |
| 4:34 | Create | Villager (Male) |
| 4:50 | Create | Fishing Ship |
| 5:10 | Create | Villager (Male) |
| 5:29 | Research | Loom |
| 6:05 | Create | Fishing Ship |
| 6:11 | Build | House |
| 6:24 | Create | Villager (Male) |
| 6:32 | Create | Fishing Ship |
| 6:32 | Create | Fishing Ship |
| 6:59 | Create | Villager (Male) |
| 7:38 | Create | Villager (Male) |
| 7:38 | Create | Villager (Male) |
| 7:43 | Create | Fishing Ship |
| 7:44 | Create | Fishing Ship |
| 7:57 | Build | House |
| 8:09 | Create | Villager (Male) |
| 8:33 | Build | House |
| 8:49 | Create | Villager (Male) |
| 9:05 | Build | House |
| 9:25 | Create | Villager (Male) |
| 9:25 | Create | Villager (Male) |
| 9:54 | Build | Mining Camp |
| 10:19 | Build | Mill |
| 10:29 | Build | Mill |
| 10:33 | Create | Villager (Male) |
| 10:33 | Create | Villager (Male) |
| 10:56 | Research | Feudal Age |
| 11:17 | Build | Lumber Camp |
| 11:39 | Build | House |
| 11:40 | Build | House |
| 11:41 | Build | House |
| 12:37 | Create | Fishing Ship |
| 13:02 | Age | Feudal Age |
| 13:17 | Create | Villager (Male) |
| 13:17 | Create | Villager (Male) |
| 13:33 | Build | Blacksmith |
| 13:36 | Create | Villager (Male) |
| 13:52 | Create | Fire Galley |
| 14:03 | Create | Villager (Male) |
| 14:08 | Research | Double-Bit Axe |
| 14:10 | Create | Villager (Male) |
| 14:42 | Build | Market |
| 15:26 | Create | Villager (Male) |
| 15:28 | Create | Villager (Male) |
| 15:35 | Create | Fire Galley |
| 15:51 | Build | House |
| 15:52 | Build | House |
| 16:12 | Research | Castle Age |
| 16:50 | Create | Villager (Male) |
| 16:58 | Research | Gold Mining |
| 17:04 | Build | Barracks |
| 17:12 | Build | Farm |
| 17:13 | Build | Farm |
| 17:14 | Build | Farm |
| 17:29 | Research | Horse Collar |
| 17:32 | Create | Villager (Male) |
| 17:32 | Create | Villager (Male) |
| 18:03 | Build | Stable |
| 18:38 | Age | Castle Age |
| 19:03 | Create | Knight |
| 19:03 | Create | Knight |
| 19:12 | Build | Farm |
| 19:13 | Create | Villager (Male) |
| 19:13 | Create | Villager (Male) |
| 19:22 | Build | Stable |
| 19:42 | Create | Fishing Ship |
| 19:42 | Create | Fishing Ship |
| 19:57 | Research | Bloodlines |
| 20:20 | Research | Husbandry |
| 20:26 | Build | Farm |
| 20:27 | Build | Farm |
| 20:28 | Build | Farm |
| 20:30 | Create | Villager (Male) |
| 20:30 | Create | Villager (Male) |
| 21:14 | Create | Knight ×5 |
| 21:21 | Create | Villager (Male) |
| 21:21 | Create | Villager (Male) |
| 21:39 | Research | Bow Saw |
| 22:08 | Create | Villager (Male) |
| 22:08 | Create | Villager (Male) |
| 22:40 | Research | Forging |
| 22:40 | Research | Scale Barding Armor |
| 22:59 | Create | Villager (Male) |
| 22:59 | Create | Villager (Male) |
| 23:49 | Create | Knight ×5 |
| 23:49 | Create | Knight |
| 24:08 | Build | House |
| 24:09 | Build | House |
| 24:09 | Build | House |
| 24:09 | Build | House |
| 26:03 | Research | Chain Barding Armor |
| 26:04 | Research | Iron Casting |
| 27:22 | Build | Town Center |
| 27:23 | Create | Villager (Male) |
| 27:23 | Create | Villager (Male) |
| 27:24 | Create | Villager (Male) |
| 27:24 | Create | Villager (Male) |
| 27:24 | Create | Villager (Male) |
| 27:25 | Create | Villager (Male) |
| 27:25 | Create | Villager (Male) |
| 27:28 | Build | Farm |
| 27:29 | Build | Farm |
| 27:29 | Build | Farm |
| 27:30 | Build | Farm |
| 27:30 | Build | Farm |
| 27:30 | Build | Farm |
| 27:31 | Build | Farm |
| 27:31 | Build | Farm |
| 27:34 | Create | Villager (Male) |
| 28:03 | Create | Villager (Male) |
| 28:03 | Create | Villager (Male) |
| 28:03 | Create | Villager (Male) |
| 28:07 | Build | Farm |
| 28:22 | Create | Villager (Male) |
| 28:25 | Create | Villager (Male) |
| 28:27 | Build | Farm |
| 28:28 | Build | Farm |
| 28:28 | Build | Farm |
| 28:28 | Build | Farm |
| 28:29 | Build | Farm |
| 28:29 | Build | Farm |
| 28:30 | Build | Farm |
| 28:30 | Build | Farm |
| 28:30 | Build | Farm |
| 28:31 | Build | Farm |
| 29:56 | Create | Villager (Male) |
| 29:56 | Create | Villager (Male) |
| 30:05 | Create | Villager (Male) |
| 30:05 | Create | Villager (Male) |
| 30:06 | Create | Villager (Male) |
| 30:10 | Create | Villager (Male) |
| 30:10 | Create | Villager (Male) |
| 31:16 | Create | Villager (Male) |
| 31:16 | Create | Villager (Male) |
| 31:16 | Create | Villager (Male) |
| 31:17 | Create | Villager (Male) |
| 31:59 | Create | Villager (Male) |
| 31:59 | Create | Villager (Male) |
| 32:12 | Create | Villager (Male) |
| 32:13 | Create | Villager (Male) |
Build order — de
First 150 of 419 actions detected
| 0:04 | Build | Town Center |
| 0:42 | Build | Dock |
| 1:25 | Build | Palisade Wall |
| 1:27 | Build | Palisade Wall |
| 2:29 | Create | Villager (Male) |
| 2:30 | Create | Villager (Male) |
| 2:30 | Create | Villager (Male) |
| 2:30 | Create | Villager (Male) |
| 3:22 | Create | Villager (Male) |
| 3:22 | Create | Villager (Male) |
| 3:36 | Research | Loom |
| 3:38 | Create | Fishing Ship |
| 4:45 | Build | House |
| 4:46 | Build | House |
| 5:11 | Create | Villager (Male) |
| 5:11 | Create | Villager (Male) |
| 5:18 | Create | Villager (Male) |
| 5:18 | Create | Villager (Male) |
| 5:36 | Create | Villager (Male) |
| 5:36 | Create | Villager (Male) |
| 6:13 | Create | Fishing Ship |
| 6:19 | Create | Villager (Male) |
| 6:19 | Create | Villager (Male) |
| 6:19 | Create | Villager (Male) |
| 6:19 | Create | Villager (Male) |
| 7:07 | Create | Villager (Male) |
| 7:07 | Create | Villager (Male) |
| 7:15 | Build | House |
| 7:31 | Create | Villager (Male) |
| 7:32 | Create | Villager (Male) |
| 7:37 | Create | Villager (Male) |
| 7:37 | Create | Villager (Male) |
| 7:38 | Create | Villager (Male) |
| 7:38 | Create | Villager (Male) |
| 8:33 | Create | Fishing Ship |
| 9:22 | Create | Villager (Male) |
| 9:27 | Create | Fishing Ship |
| 9:48 | Create | Fishing Ship |
| 9:50 | Create | Villager (Male) |
| 9:57 | Build | Mill |
| 10:01 | Create | Villager (Male) |
| 10:41 | Build | Mining Camp |
| 10:47 | Create | Villager (Male) |
| 10:52 | Build | House |
| 10:54 | Build | House |
| 11:30 | Create | Villager (Male) |
| 11:51 | Build | House |
| 12:03 | Build | Barracks |
| 12:06 | Create | Villager (Male) |
| 12:24 | Build | House |
| 12:28 | Research | Feudal Age |
| 12:55 | Build | House |
| 13:32 | Build | Lumber Camp |
| 14:18 | Build | Mining Camp |
| 14:41 | Age | Feudal Age |
| 14:42 | Build | Palisade Wall |
| 14:58 | Build | Archery Range |
| 15:06 | Create | Villager (Male) |
| 15:24 | Build | Watch Tower |
| 15:30 | Create | Villager (Male) |
| 15:44 | Create | Skirmisher |
| 15:44 | Create | Skirmisher |
| 16:16 | Build | Blacksmith |
| 16:19 | Create | Skirmisher |
| 17:16 | Research | Castle Age |
| 17:42 | Create | Skirmisher |
| 17:45 | Create | Villager (Male) |
| 18:49 | Create | Villager (Male) |
| 19:04 | Create | Skirmisher |
| 19:56 | Age | Castle Age |
| 20:55 | Create | Villager (Male) |
| 20:55 | Create | Villager (Male) |
| 20:56 | Create | Villager (Male) |
| 20:56 | Create | Villager (Male) |
| 21:29 | Build | Town Center |
| 21:55 | Build | House |
| 23:30 | Build | Palisade Wall |
| 23:33 | Build | Palisade Wall |
| 23:36 | Build | Palisade Wall |
| 23:49 | Create | Villager (Male) |
| 23:49 | Create | Villager (Male) |
| 23:49 | Create | Villager (Male) |
| 23:50 | Create | Villager (Male) |
| 23:50 | Create | Villager (Male) |
| 23:55 | Build | Town Center |
| 23:58 | Create | Villager (Male) |
| 23:58 | Create | Villager (Male) |
| 23:58 | Create | Villager (Male) |
| 23:59 | Create | Villager (Male) |
| 24:00 | Create | Villager (Male) |
| 24:00 | Create | Villager (Male) |
| 24:00 | Create | Villager (Male) |
| 24:00 | Create | Villager (Male) |
| 24:01 | Create | Villager (Male) |
| 24:01 | Create | Villager (Male) |
| 24:01 | Create | Villager (Male) |
| 24:45 | Create | Villager (Male) |
| 24:46 | Create | Villager (Male) |
| 25:04 | Research | Town Watch |
| 26:08 | Create | Villager (Male) |
| 26:08 | Create | Villager (Male) |
| 26:09 | Create | Villager (Male) |
| 26:09 | Create | Villager (Male) |
| 26:32 | Build | Town Center |
| 26:42 | Create | Villager (Male) |
| 26:42 | Create | Villager (Male) |
| 26:43 | Create | Villager (Male) |
| 26:43 | Create | Villager (Male) |
| 26:43 | Create | Villager (Male) |
| 28:07 | Build | House |
| 28:09 | Build | House |
| 28:09 | Build | House |
| 28:10 | Build | House |
| 28:10 | Build | House |
| 28:11 | Build | House |
| 28:12 | Build | House |
| 28:28 | Create | Villager (Male) |
| 28:28 | Create | Villager (Male) |
| 28:28 | Create | Villager (Male) |
| 28:29 | Create | Villager (Male) |
| 28:29 | Create | Villager (Male) |
| 28:29 | Create | Villager (Male) |
| 28:30 | Create | Villager (Male) |
| 28:34 | Build | Farm |
| 28:34 | Build | Farm |
| 28:34 | Build | Farm |
| 28:35 | Build | Farm |
| 28:36 | Build | Farm |
| 28:37 | Build | Farm |
| 28:37 | Build | Farm |
| 28:37 | Build | Farm |
| 28:38 | Build | Farm |
| 28:57 | Create | Villager (Male) |
| 28:57 | Create | Villager (Male) |
| 29:04 | Build | Farm |
| 29:04 | Build | Farm |
| 29:05 | Build | Farm |
| 29:05 | Build | Farm |
| 29:05 | Build | Farm |
| 29:05 | Build | Farm |
| 29:06 | Build | Farm |
| 29:06 | Build | Farm |
| 29:06 | Build | Farm |
| 29:22 | Build | Castle |
| 29:26 | Build | Mining Camp |
| 29:39 | Create | Villager (Male) |
| 29:39 | Create | Villager (Male) |
| 29:45 | Create | Villager (Male) |
| 29:45 | Create | Villager (Male) |
| 30:40 | Build | Barracks |
Build order — maly0728
First 150 of 207 actions detected
| 0:16 | Build | Town Center |
| 1:48 | Build | Dock |
| 2:35 | Create | Villager (Male) |
| 2:35 | Create | Villager (Male) |
| 2:35 | Create | Villager (Male) |
| 2:35 | Create | Villager (Male) |
| 2:50 | Build | House |
| 3:30 | Build | House |
| 3:48 | Research | Loom |
| 4:10 | Create | Fishing Ship |
| 4:53 | Create | Fishing Ship |
| 4:54 | Create | Fishing Ship |
| 5:36 | Create | Villager (Male) |
| 5:37 | Create | Villager (Male) |
| 5:51 | Create | Fishing Ship |
| 6:27 | Create | Villager (Male) |
| 6:27 | Create | Villager (Male) |
| 6:48 | Create | Villager (Male) |
| 6:48 | Create | Villager (Male) |
| 7:05 | Build | House |
| 7:08 | Create | Villager (Male) |
| 7:08 | Create | Villager (Male) |
| 7:30 | Create | Villager (Male) |
| 7:38 | Build | House |
| 8:02 | Create | Villager (Male) |
| 8:31 | Create | Villager (Male) |
| 8:34 | Create | Fishing Ship |
| 9:27 | Create | Villager (Male) |
| 9:40 | Create | Fishing Ship |
| 9:59 | Create | Villager (Male) |
| 10:03 | Build | Mill |
| 10:12 | Create | Villager (Male) |
| 10:18 | Create | Fishing Ship |
| 10:57 | Research | Feudal Age |
| 11:05 | Build | Mining Camp |
| 11:46 | Build | Barracks |
| 11:57 | Build | Palisade Wall |
| 12:12 | Build | House |
| 12:15 | Age | Feudal Age |
| 12:17 | Create | Villager (Male) |
| 12:17 | Create | Villager (Male) |
| 12:51 | Build | Archery Range |
| 12:53 | Create | Villager (Male) |
| 12:59 | Build | House |
| 13:23 | Create | Villager (Male) |
| 13:23 | Create | Villager (Male) |
| 13:49 | Create | Archer |
| 13:52 | Build | House |
| 14:03 | Build | Blacksmith |
| 14:05 | Create | Villager (Male) |
| 14:26 | Build | House |
| 14:28 | Create | Archer |
| 14:46 | Create | Fire Galley |
| 14:56 | Create | Archer |
| 15:03 | Build | House |
| 15:13 | Create | Villager (Male) |
| 15:13 | Create | Villager (Male) |
| 15:28 | Create | Archer |
| 15:35 | Build | Lumber Camp |
| 15:45 | Create | Villager (Male) |
| 15:46 | Create | Villager (Male) |
| 15:49 | Build | House |
| 16:15 | Create | Villager (Male) |
| 16:49 | Create | Fire Galley |
| 16:52 | Create | Villager (Male) |
| 16:52 | Create | Villager (Male) |
| 17:01 | Build | Market |
| 17:20 | Create | Villager (Male) |
| 17:49 | Build | Farm |
| 17:50 | Build | Farm |
| 17:56 | Build | Farm |
| 17:57 | Build | Farm |
| 17:58 | Build | Farm |
| 18:38 | Build | Watch Tower |
| 18:44 | Research | Fletching |
| 18:56 | Create | Villager (Male) |
| 19:37 | Create | Villager (Male) |
| 20:12 | Create | Villager (Male) |
| 20:17 | Build | Farm |
| 20:57 | Create | Unit 2626 |
| 21:15 | Research | Castle Age |
| 21:36 | Research | Horse Collar |
| 21:41 | Build | Farm |
| 21:41 | Build | Farm |
| 22:07 | Create | Fire Galley |
| 22:15 | Create | Fishing Ship |
| 22:51 | Age | Castle Age |
| 23:40 | Build | Town Center |
| 24:00 | Build | Siege Workshop |
| 24:23 | Create | Villager (Male) |
| 24:26 | Research | Double-Bit Axe |
| 24:37 | Create | Battering Ram |
| 24:47 | Build | Farm |
| 24:48 | Build | Farm |
| 24:59 | Create | Villager (Male) |
| 24:59 | Create | Villager (Male) |
| 25:21 | Create | Battering Ram |
| 25:53 | Create | Fishing Ship |
| 26:09 | Create | Battering Ram |
| 26:12 | Create | Villager (Male) |
| 26:21 | Build | Fish Trap |
| 26:24 | Research | Tech 906 |
| 26:31 | Build | Fish Trap |
| 26:47 | Create | Battering Ram |
| 27:37 | Build | Lumber Camp |
| 27:44 | Create | Battering Ram |
| 27:46 | Create | Villager (Male) |
| 28:02 | Build | Fish Trap |
| 28:14 | Research | Gillnets |
| 28:44 | Build | Mining Camp |
| 29:33 | Create | Villager (Male) |
| 29:33 | Create | Villager (Male) |
| 29:38 | Build | Farm |
| 30:20 | Create | Villager (Male) |
| 30:21 | Create | Villager (Male) |
| 30:54 | Build | Mining Camp |
| 31:22 | Build | Farm |
| 31:24 | Build | Farm |
| 32:02 | Research | Wheelbarrow |
| 32:18 | Build | Fish Trap |
| 32:19 | Build | Fish Trap |
| 32:32 | Create | Villager (Male) |
| 32:32 | Create | Villager (Male) |
| 32:53 | Build | Monastery |
| 33:09 | Create | Villager (Male) |
| 33:28 | Create | Villager (Male) |
| 33:57 | Create | Monk |
| 34:40 | Create | Villager (Male) |
| 35:06 | Build | Castle |
| 35:13 | Build | Farm |
| 35:13 | Build | Farm |
| 35:14 | Build | Farm |
| 35:14 | Build | Farm |
| 35:26 | Build | Farm |
| 35:30 | Research | Bow Saw |
| 35:36 | Build | Farm |
| 35:39 | Create | Villager (Male) |
| 36:06 | Create | Villager (Male) |
| 36:07 | Create | Villager (Male) |
| 37:31 | Create | Fishing Ship |
| 37:32 | Create | Fishing Ship |
| 37:35 | Build | Farm |
| 38:01 | Research | Imperial Age |
| 38:20 | Research | Stone Mining |
| 38:57 | Build | Town Center |
| 39:13 | Build | Town Center |
| 39:55 | Age | Imperial Age |
| 40:01 | Research | Town Watch |
| 40:35 | Research | Conscription |
| 40:46 | Create | Villager (Male) |
Build order — IAN2300252
First 150 of 200 actions detected
| 0:49 | Build | Town Center |
| 1:06 | Build | Dock |
| 1:11 | Build | House |
| 2:22 | Build | Palisade Wall |
| 3:05 | Create | Villager (Male) |
| 3:05 | Create | Villager (Male) |
| 3:05 | Create | Villager (Male) |
| 3:06 | Create | Villager (Male) |
| 4:28 | Create | Villager (Male) |
| 4:28 | Create | Villager (Male) |
| 4:28 | Create | Villager (Male) |
| 5:25 | Create | Villager (Male) |
| 5:25 | Create | Villager (Male) |
| 5:57 | Create | Villager (Male) |
| 5:57 | Create | Villager (Male) |
| 5:58 | Create | Villager (Male) |
| 6:36 | Create | Villager (Male) |
| 6:37 | Create | Villager (Male) |
| 6:37 | Create | Villager (Male) |
| 6:38 | Create | Villager (Male) |
| 7:00 | Create | Villager (Male) |
| 7:09 | Build | House |
| 7:37 | Build | House |
| 8:00 | Create | Fishing Ship |
| 8:45 | Create | Villager (Male) |
| 8:46 | Create | Fishing Ship |
| 8:48 | Create | Villager (Male) |
| 9:33 | Create | Fishing Ship |
| 9:35 | Create | Villager (Male) |
| 9:52 | Build | Lumber Camp |
| 10:04 | Create | Villager (Male) |
| 10:04 | Create | Villager (Male) |
| 10:22 | Build | House |
| 10:34 | Research | Feudal Age |
| 10:53 | Build | Mining Camp |
| 10:59 | Build | Mining Camp |
| 11:36 | Build | House |
| 11:46 | Create | Fishing Ship |
| 12:06 | Build | House |
| 12:09 | Create | Villager (Male) |
| 12:09 | Create | Villager (Male) |
| 12:29 | Build | Dock |
| 13:04 | Age | Feudal Age |
| 13:17 | Build | Blacksmith |
| 13:32 | Create | Demolition Raft |
| 13:36 | Create | Fishing Ship |
| 13:40 | Create | Fishing Ship |
| 13:40 | Create | Fishing Ship |
| 13:45 | Create | Fishing Ship |
| 13:47 | Create | Villager (Male) |
| 14:10 | Build | Mill |
| 14:15 | Create | Villager (Male) |
| 14:32 | Create | Fishing Ship |
| 14:52 | Create | Villager (Male) |
| 15:10 | Build | Farm |
| 15:11 | Build | Farm |
| 15:11 | Build | Farm |
| 15:12 | Build | Farm |
| 15:12 | Build | Farm |
| 15:13 | Build | Farm |
| 15:32 | Create | Unit 2626 |
| 15:42 | Create | Villager (Male) |
| 16:02 | Build | Market |
| 16:30 | Create | Unit 2626 |
| 16:55 | Build | Farm |
| 16:55 | Build | Farm |
| 16:56 | Create | Villager (Male) |
| 17:30 | Research | Castle Age |
| 17:49 | Research | Double-Bit Axe |
| 17:55 | Build | House |
| 17:58 | Build | House |
| 18:19 | Build | Barracks |
| 18:30 | Build | Farm |
| 18:57 | Create | Unit 2626 |
| 19:13 | Research | Loom |
| 19:25 | Build | House |
| 19:27 | Build | House |
| 20:10 | Age | Castle Age |
| 20:17 | Build | Stable |
| 20:30 | Create | Villager (Male) ×5 |
| 20:58 | Create | Scout Cavalry |
| 21:43 | Build | Outpost |
| 22:14 | Build | Castle |
| 22:32 | Create | Villager (Male) |
| 22:33 | Create | Villager (Male) |
| 22:55 | Build | Mining Camp |
| 23:22 | Create | Conquistador |
| 23:23 | Create | Conquistador |
| 23:39 | Create | Conquistador |
| 23:50 | Create | Villager (Male) ×5 |
| 23:57 | Research | Bow Saw |
| 24:18 | Create | Conquistador |
| 24:43 | Build | Town Center |
| 24:52 | Create | Villager (Male) |
| 24:52 | Create | Villager (Male) |
| 25:03 | Create | Conquistador |
| 26:10 | Build | Archery Range |
| 26:44 | Create | Skirmisher |
| 26:44 | Create | Skirmisher |
| 28:04 | Create | Conquistador ×5 |
| 28:45 | Build | Castle |
| 29:37 | Create | Conquistador |
| 29:37 | Create | Conquistador |
| 29:38 | Create | Conquistador |
| 29:38 | Create | Conquistador |
| 29:47 | Build | Mining Camp |
| 30:03 | Build | Farm |
| 32:32 | Create | Villager (Male) ×5 |
| 33:08 | Build | Stone Wall |
| 33:12 | Build | Gate |
| 33:37 | Create | Villager (Male) |
| 35:25 | Build | Castle |
| 35:29 | Create | Conquistador |
| 36:13 | Build | Farm |
| 36:15 | Build | Farm |
| 36:16 | Build | Farm |
| 36:16 | Build | Farm |
| 36:20 | Create | Villager (Male) ×3 |
| 37:25 | Create | Villager (Male) ×2 |
| 37:39 | Create | Villager (Male) |
| 37:50 | Build | Farm |
| 37:50 | Build | Farm |
| 37:50 | Build | Farm |
| 37:51 | Build | Farm |
| 37:51 | Build | Farm |
| 38:21 | Build | Town Center |
| 38:44 | Create | Villager (Male) |
| 38:45 | Create | Villager (Male) |
| 38:45 | Create | Villager (Male) |
| 39:16 | Create | Villager (Male) |
| 39:39 | Build | Town Center |
| 40:52 | Create | Villager (Male) ×5 |
| 40:58 | Create | Villager (Male) ×5 |
| 41:13 | Build | House |
| 41:38 | Build | Farm |
| 41:41 | Build | Farm |
| 41:43 | Build | Farm |
| 41:44 | Build | Farm |
| 41:44 | Build | Farm |
| 42:10 | Build | Mill |
| 42:11 | Build | Farm |
| 42:11 | Build | Farm |
| 42:15 | Build | Farm |
| 42:16 | Build | Farm |
| 42:21 | Create | Villager (Male) |
| 42:22 | Create | Villager (Male) |
| 42:22 | Create | Villager (Male) |
| 42:23 | Create | Villager (Male) |
| 42:34 | Research | Fletching |
| 42:36 | Research | Scale Barding Armor |
Build order — Vishu
First 150 of 279 actions detected
| 0:27 | Build | Dock |
| 0:29 | Build | House |
| 0:45 | Build | Town Center |
| 3:06 | Create | Villager (Male) |
| 3:06 | Create | Villager (Male) |
| 3:06 | Create | Villager (Male) |
| 3:06 | Create | Villager (Male) |
| 3:07 | Create | Villager (Male) |
| 3:07 | Create | Villager (Male) |
| 3:12 | Create | Fishing Ship |
| 3:34 | Create | Villager (Male) |
| 4:27 | Build | House |
| 4:52 | Create | Fishing Ship |
| 5:09 | Create | Villager (Male) |
| 5:39 | Create | Villager (Male) |
| 6:00 | Create | Fishing Ship |
| 6:01 | Create | Villager (Male) |
| 6:02 | Create | Villager (Male) |
| 6:24 | Create | Villager (Male) |
| 6:49 | Create | Fishing Ship |
| 7:00 | Build | House |
| 7:13 | Create | Villager (Male) |
| 7:14 | Create | Villager (Male) |
| 7:24 | Create | Fishing Ship |
| 7:55 | Create | Villager (Male) |
| 7:55 | Create | Villager (Male) |
| 7:59 | Create | Fishing Ship |
| 8:15 | Create | Villager (Male) |
| 8:52 | Build | Mining Camp |
| 8:58 | Build | Mining Camp |
| 9:13 | Create | Villager (Male) |
| 9:18 | Create | Fishing Ship |
| 9:23 | Build | House |
| 9:40 | Research | Loom |
| 10:05 | Create | Villager (Male) |
| 10:31 | Create | Villager (Male) |
| 10:53 | Create | Villager (Male) |
| 11:15 | Create | Fishing Ship |
| 11:28 | Create | Villager (Male) |
| 11:33 | Build | House |
| 11:37 | Create | Villager (Male) |
| 11:44 | Research | Feudal Age |
| 12:06 | Create | Villager (Male) |
| 12:36 | Create | Fishing Ship |
| 12:37 | Create | Fishing Ship |
| 12:45 | Create | Fishing Ship |
| 13:42 | Create | Villager (Male) |
| 13:42 | Create | Villager (Male) |
| 13:48 | Age | Feudal Age |
| 13:51 | Build | Mill |
| 14:03 | Build | Blacksmith |
| 14:23 | Build | Market |
| 14:30 | Build | House |
| 14:32 | Build | House |
| 14:34 | Build | House |
| 14:35 | Build | House |
| 14:40 | Create | Villager (Male) |
| 14:49 | Research | Town Watch |
| 14:50 | Create | Villager (Male) |
| 14:50 | Create | Villager (Male) |
| 15:09 | Research | Tech 906 |
| 15:09 | Research | Tech 906 |
| 15:45 | Build | Barracks |
| 16:31 | Research | Castle Age |
| 16:52 | Create | Spearman |
| 17:28 | Create | Fishing Ship |
| 17:28 | Create | Fishing Ship |
| 17:55 | Build | Stable |
| 18:07 | Build | Lumber Camp |
| 18:15 | Research | Horse Collar |
| 18:19 | Research | Gold Mining |
| 18:21 | Create | Villager (Male) |
| 18:22 | Create | Villager (Male) |
| 18:24 | Create | Villager (Male) |
| 18:24 | Create | Villager (Male) |
| 18:40 | Create | Scout Cavalry |
| 18:57 | Age | Castle Age |
| 19:15 | Build | Town Center |
| 19:29 | Build | Town Center |
| 19:40 | Build | Farm |
| 19:41 | Build | Farm |
| 19:43 | Build | Farm |
| 19:45 | Create | Villager (Male) |
| 20:20 | Research | Double-Bit Axe |
| 20:46 | Create | Villager (Male) |
| 20:47 | Create | Villager (Male) |
| 21:00 | Research | Wheelbarrow |
| 21:01 | Create | Villager (Male) |
| 21:01 | Create | Villager (Male) |
| 21:01 | Create | Villager (Male) |
| 21:02 | Create | Villager (Male) |
| 21:09 | Create | Villager (Male) |
| 21:15 | Build | Farm |
| 21:55 | Research | Wheelbarrow |
| 21:56 | Create | Villager (Male) |
| 21:57 | Create | Villager (Male) |
| 21:57 | Create | Villager (Male) |
| 21:57 | Create | Villager (Male) |
| 22:43 | Create | Villager (Male) |
| 22:51 | Create | Villager (Male) ×5 |
| 23:07 | Build | Stable |
| 23:10 | Build | Stable |
| 23:20 | Create | Villager (Male) ×3 |
| 23:30 | Build | University |
| 23:35 | Build | Monastery |
| 23:53 | Build | Outpost |
| 23:56 | Create | Villager (Male) ×4 |
| 24:09 | Create | Villager (Male) |
| 24:15 | Build | Farm |
| 24:18 | Build | Farm |
| 24:22 | Build | Farm |
| 24:26 | Create | Villager (Male) ×2 |
| 24:32 | Build | House |
| 24:33 | Build | House |
| 24:37 | Build | House |
| 24:39 | Build | House |
| 24:40 | Build | House |
| 25:04 | Build | Outpost |
| 25:07 | Build | Outpost |
| 25:09 | Build | Outpost |
| 25:11 | Build | Outpost |
| 25:42 | Create | Knight ×5 |
| 25:49 | Build | Mining Camp |
| 25:54 | Research | Scale Barding Armor |
| 25:55 | Research | Forging |
| 26:49 | Build | Outpost |
| 27:00 | Build | Stone Wall |
| 27:38 | Build | Castle |
| 27:46 | Create | Knight ×5 |
| 27:47 | Create | Knight ×5 |
| 28:06 | Research | Chain Barding Armor |
| 28:09 | Create | Villager (Male) ×3 |
| 28:41 | Create | Knight ×4 |
| 29:09 | Create | Villager (Male) |
| 29:09 | Create | Villager (Male) |
| 29:45 | Create | Villager (Male) ×5 |
| 30:06 | Create | Villager (Male) ×3 |
| 30:06 | Create | Villager (Male) ×3 |
| 31:04 | Research | Imperial Age |
| 31:27 | Create | Villager (Male) ×3 |
| 31:39 | Build | Outpost |
| 31:41 | Build | Outpost |
| 31:43 | Build | Outpost |
| 31:57 | Build | Stone Wall |
| 32:06 | Build | Stone Wall |
| 32:12 | Build | Gate |
| 32:19 | Build | Farm |
| 32:22 | Build | Farm |
| 32:24 | Build | Farm |
| 32:26 | Build | Farm |
Build order — 我的魔法會撕裂你
First 150 of 432 actions detected
| 0:06 | Build | Town Center |
| 0:10 | Build | House |
| 1:07 | Build | Dock |
| 2:41 | Create | Villager (Male) |
| 2:41 | Create | Villager (Male) |
| 2:41 | Create | Villager (Male) |
| 2:41 | Create | Villager (Male) |
| 2:42 | Create | Villager (Male) |
| 3:38 | Create | Villager (Male) |
| 4:06 | Create | Fishing Ship |
| 4:17 | Build | House |
| 4:40 | Research | Loom |
| 5:11 | Create | Villager (Male) |
| 5:32 | Create | Villager (Male) |
| 5:45 | Create | Fishing Ship |
| 5:58 | Create | Villager (Male) |
| 6:06 | Build | House |
| 6:10 | Create | Villager (Male) |
| 6:48 | Create | Villager (Male) |
| 6:49 | Create | Fishing Ship |
| 7:09 | Create | Villager (Male) |
| 7:39 | Create | Villager (Male) |
| 7:41 | Build | House |
| 7:43 | Create | Fishing Ship |
| 8:00 | Create | Villager (Male) |
| 8:00 | Create | Villager (Male) |
| 8:14 | Create | Fishing Ship |
| 8:21 | Create | Villager (Male) |
| 8:27 | Build | House |
| 8:38 | Create | Fishing Ship |
| 8:57 | Create | Villager (Male) |
| 9:12 | Create | Villager (Male) |
| 9:18 | Build | House |
| 9:41 | Create | Villager (Male) |
| 9:50 | Build | Mill |
| 10:07 | Build | Mill |
| 10:08 | Create | Villager (Male) |
| 10:10 | Create | Villager (Male) |
| 10:33 | Create | Villager (Male) |
| 10:34 | Create | Fishing Ship |
| 11:20 | Build | Dock |
| 11:30 | Research | Feudal Age |
| 11:31 | Research | Feudal Age |
| 11:40 | Build | Mining Camp |
| 12:54 | Create | Villager (Male) |
| 12:54 | Create | Villager (Male) |
| 13:40 | Age | Feudal Age |
| 13:47 | Build | Market |
| 13:49 | Build | Blacksmith |
| 13:59 | Build | Lumber Camp |
| 14:45 | Research | Castle Age |
| 14:48 | Research | Double-Bit Axe |
| 15:14 | Build | Mining Camp |
| 15:25 | Create | Villager (Male) |
| 15:29 | Build | House |
| 15:41 | Create | Unit 2626 |
| 15:54 | Build | House |
| 16:08 | Create | Trade Cog |
| 16:28 | Create | Trade Cog |
| 16:49 | Create | Villager (Male) |
| 17:25 | Age | Castle Age |
| 17:37 | Create | Fire Galley |
| 17:37 | Create | Fire Galley |
| 17:54 | Create | Villager (Male) |
| 17:55 | Research | Bow Saw |
| 17:57 | Create | Villager (Male) |
| 18:16 | Create | Fire Galley |
| 18:17 | Create | Villager (Male) |
| 18:18 | Create | Villager (Male) |
| 18:39 | Create | Villager (Male) |
| 18:49 | Create | Fire Galley |
| 18:52 | Create | Villager (Male) |
| 19:15 | Create | Fire Galley |
| 19:16 | Create | Villager (Male) |
| 19:18 | Build | House |
| 19:25 | Build | House |
| 19:40 | Research | War Galley (upgrade) |
| 19:41 | Create | Villager (Male) |
| 19:42 | Create | Villager (Male) |
| 19:48 | Build | Castle |
| 20:05 | Create | Villager (Male) |
| 20:05 | Create | Villager (Male) |
| 20:52 | Create | Villager (Male) |
| 20:58 | Create | Villager (Male) |
| 21:06 | Build | Town Center |
| 21:10 | Create | Conquistador |
| 21:12 | Create | Villager (Male) |
| 21:47 | Create | Villager (Male) |
| 21:57 | Create | Conquistador |
| 21:57 | Create | Conquistador |
| 22:00 | Build | Farm |
| 22:01 | Build | Farm |
| 22:07 | Research | Horse Collar |
| 22:10 | Build | Farm |
| 22:11 | Build | Farm |
| 22:12 | Build | Farm |
| 22:27 | Create | Conquistador |
| 22:31 | Create | Villager (Male) |
| 22:31 | Create | Villager (Male) |
| 22:47 | Build | House |
| 23:10 | Create | Villager (Male) |
| 23:16 | Build | Farm |
| 23:18 | Build | Farm |
| 23:18 | Build | Farm |
| 23:32 | Create | Villager (Male) |
| 23:40 | Create | Villager (Male) |
| 23:42 | Create | Villager (Male) |
| 23:47 | Build | Farm |
| 23:48 | Build | Farm |
| 23:59 | Create | Villager (Male) |
| 24:01 | Create | Conquistador |
| 24:05 | Build | House |
| 24:05 | Build | House |
| 24:12 | Build | Farm |
| 24:13 | Build | Farm |
| 24:14 | Build | Farm |
| 24:16 | Build | Farm |
| 24:19 | Build | Farm |
| 24:20 | Build | Farm |
| 24:25 | Build | Town Center |
| 24:31 | Create | Villager (Male) |
| 24:31 | Create | Villager (Male) |
| 25:16 | Build | House |
| 25:17 | Build | House |
| 25:21 | Create | Conquistador |
| 25:21 | Create | Conquistador |
| 25:30 | Create | Villager (Male) |
| 25:31 | Create | Villager (Male) |
| 25:48 | Create | Conquistador |
| 26:25 | Build | Town Center |
| 26:41 | Create | Villager (Male) |
| 26:41 | Create | Villager (Male) |
| 26:42 | Create | Villager (Male) |
| 26:42 | Create | Villager (Male) |
| 26:44 | Build | Farm |
| 27:12 | Create | Villager (Male) |
| 27:12 | Create | Villager (Male) |
| 27:14 | Create | Conquistador |
| 27:14 | Create | Villager (Male) |
| 27:15 | Create | Villager (Male) |
| 27:26 | Build | Farm |
| 27:29 | Build | Lumber Camp |
| 27:32 | Create | Villager (Male) |
| 27:32 | Create | Villager (Male) |
| 27:40 | Build | Farm |
| 27:45 | Build | Farm |
| 27:46 | Build | Farm |
| 27:48 | Create | Villager (Male) |
| 27:48 | Create | Villager (Male) |
| 27:54 | Create | Villager (Male) |
Build order — 织田信长
First 150 of 454 actions detected
| 0:27 | Build | Town Center |
| 0:55 | Build | Dock |
| 1:00 | Build | House |
| 2:43 | Create | Villager (Male) |
| 2:44 | Create | Villager (Male) |
| 2:44 | Create | Villager (Male) |
| 2:44 | Create | Villager (Male) |
| 2:44 | Create | Villager (Male) |
| 2:47 | Research | Loom |
| 3:46 | Create | Fishing Ship |
| 4:05 | Create | Villager (Male) |
| 4:05 | Create | Villager (Male) |
| 4:05 | Create | Villager (Male) |
| 4:33 | Create | Fishing Ship |
| 4:57 | Create | Villager (Male) |
| 4:57 | Create | Villager (Male) |
| 5:39 | Create | Villager (Male) |
| 5:40 | Create | Villager (Male) |
| 5:40 | Create | Villager (Male) |
| 5:58 | Create | Villager (Male) |
| 5:59 | Create | Villager (Male) |
| 6:02 | Build | House |
| 6:43 | Create | Fishing Ship |
| 6:59 | Create | Villager (Male) |
| 7:05 | Create | Villager (Male) |
| 7:06 | Create | Villager (Male) |
| 7:06 | Create | Villager (Male) |
| 7:12 | Create | Fishing Ship |
| 7:13 | Create | Villager (Male) |
| 7:42 | Build | House |
| 7:59 | Create | Villager (Male) |
| 8:00 | Create | Fishing Ship |
| 8:50 | Create | Fishing Ship |
| 9:03 | Build | House |
| 9:08 | Create | Villager (Male) |
| 9:20 | Create | Villager (Male) |
| 9:49 | Build | Mill |
| 9:58 | Create | Villager (Male) |
| 10:26 | Research | Feudal Age |
| 10:44 | Build | Mining Camp |
| 10:54 | Build | House |
| 11:00 | Create | Villager (Male) |
| 12:00 | Build | Dock |
| 12:12 | Create | Villager (Male) |
| 12:20 | Build | House |
| 12:36 | Age | Feudal Age |
| 12:43 | Create | Galley |
| 12:45 | Create | Villager (Male) |
| 13:17 | Create | Galley |
| 13:38 | Create | Villager (Male) |
| 13:56 | Build | Blacksmith |
| 14:09 | Create | Villager (Male) |
| 14:37 | Build | Market |
| 14:44 | Create | Villager (Male) |
| 15:13 | Research | Fletching |
| 15:17 | Research | Castle Age |
| 15:17 | Research | Castle Age |
| 15:17 | Research | Castle Age |
| 15:20 | Build | Lumber Camp |
| 15:59 | Create | Galley |
| 16:02 | Research | Double-Bit Axe |
| 16:23 | Create | Galley |
| 16:25 | Create | Villager (Male) |
| 16:52 | Build | Mill |
| 17:01 | Create | Galley |
| 17:02 | Create | Villager (Male) |
| 17:36 | Create | Galley |
| 17:38 | Create | Villager (Male) |
| 17:57 | Age | Castle Age |
| 18:04 | Research | Bow Saw |
| 18:10 | Research | Bodkin Arrow |
| 18:14 | Create | Galley |
| 18:43 | Create | Villager (Male) |
| 19:16 | Research | War Galley (upgrade) |
| 19:18 | Create | Galley |
| 19:20 | Create | Villager (Male) |
| 19:24 | Build | Farm |
| 19:28 | Build | Farm |
| 19:28 | Create | Villager (Male) |
| 19:52 | Create | Villager (Male) |
| 19:54 | Create | Galley |
| 20:03 | Create | Galley |
| 20:15 | Build | House |
| 20:15 | Build | House |
| 20:19 | Build | Farm |
| 20:58 | Create | Galley |
| 20:58 | Create | Villager (Male) |
| 21:42 | Create | Villager (Male) |
| 21:43 | Create | Villager (Male) |
| 21:53 | Build | Town Center |
| 22:09 | Create | Villager (Male) |
| 22:15 | Research | Horse Collar |
| 22:19 | Build | Farm |
| 22:22 | Build | Farm |
| 22:25 | Create | Villager (Male) |
| 22:31 | Build | Castle |
| 22:59 | Create | Villager (Male) |
| 23:10 | Create | Galley |
| 23:27 | Create | Villager (Male) |
| 23:35 | Build | Farm |
| 24:08 | Create | Villager (Male) |
| 24:32 | Create | Villager (Male) |
| 24:36 | Build | Farm |
| 24:38 | Build | Farm |
| 24:39 | Build | Farm |
| 24:41 | Build | Farm |
| 24:45 | Create | Villager (Male) |
| 25:15 | Create | Villager (Male) |
| 25:23 | Create | Villager (Male) |
| 25:27 | Build | Farm |
| 25:30 | Build | Farm |
| 25:32 | Build | Farm |
| 25:34 | Research | Heavy Plow |
| 25:35 | Create | Villager (Male) |
| 25:50 | Create | Villager (Male) |
| 25:51 | Create | Villager (Male) |
| 26:00 | Create | Villager (Male) |
| 26:08 | Build | Farm |
| 26:10 | Build | Farm |
| 26:14 | Build | Farm |
| 26:19 | Build | Farm |
| 26:37 | Build | House |
| 26:43 | Build | Stone Wall |
| 26:50 | Create | Villager (Male) |
| 27:01 | Build | Lumber Camp |
| 27:20 | Create | Villager (Male) |
| 27:43 | Create | Villager (Male) |
| 27:49 | Research | Gold Mining |
| 28:14 | Research | Imperial Age |
| 28:14 | Research | Imperial Age |
| 28:14 | Research | Imperial Age |
| 28:22 | Build | University |
| 28:58 | Research | Padded Archer Armor |
| 28:59 | Research | Padded Archer Armor |
| 29:16 | Create | Genoese Crossbowman |
| 29:17 | Create | Genoese Crossbowman |
| 29:18 | Create | Villager (Male) |
| 29:26 | Research | Town Watch |
| 29:31 | Create | Villager (Male) |
| 29:49 | Build | House |
| 29:50 | Build | House |
| 30:10 | Build | House |
| 30:10 | Build | House |
| 30:11 | Build | House |
| 30:13 | Create | Villager (Male) |
| 30:16 | Research | Leather Archer Armor |
| 30:16 | Research | Leather Archer Armor |
| 30:18 | Research | Ballistics |
| 30:19 | Research | Ballistics |
| 30:39 | Create | Genoese Crossbowman |
Build order — eraser7987
First 150 of 328 actions detected
| 0:53 | Build | Town Center |
| 1:15 | Build | Dock |
| 1:19 | Build | House |
| 3:01 | Create | Villager (Male) |
| 3:01 | Create | Villager (Male) |
| 3:01 | Create | Villager (Male) |
| 3:14 | Create | Villager (Male) |
| 4:08 | Create | Villager (Male) |
| 4:20 | Create | Fishing Ship |
| 5:11 | Create | Villager (Male) |
| 5:21 | Build | House |
| 5:40 | Create | Villager (Male) |
| 6:20 | Create | Villager (Male) |
| 6:25 | Create | Villager (Male) |
| 6:27 | Create | Fishing Ship |
| 6:49 | Create | Villager (Male) |
| 6:59 | Create | Fishing Ship |
| 7:14 | Build | House |
| 7:22 | Research | Loom |
| 7:52 | Create | Villager (Male) |
| 8:05 | Create | Fishing Ship |
| 8:06 | Create | Villager (Male) |
| 8:18 | Create | Villager (Male) |
| 8:18 | Create | Villager (Male) |
| 8:22 | Create | Villager (Male) |
| 8:31 | Build | House |
| 8:42 | Create | Villager (Male) |
| 9:13 | Create | Villager (Male) |
| 9:13 | Create | Villager (Male) |
| 9:17 | Create | Fishing Ship |
| 9:52 | Create | Villager (Male) |
| 10:08 | Create | Villager (Male) |
| 10:23 | Build | Mill |
| 10:29 | Build | House |
| 10:35 | Create | Fishing Ship |
| 10:57 | Build | House |
| 11:07 | Create | Fishing Ship |
| 11:14 | Create | Villager (Male) |
| 11:30 | Research | Feudal Age |
| 12:03 | Build | Mining Camp |
| 12:10 | Build | House |
| 12:29 | Create | Fishing Ship |
| 12:57 | Create | Villager (Male) |
| 12:57 | Create | Villager (Male) |
| 13:05 | Build | House |
| 13:50 | Age | Feudal Age |
| 13:53 | Build | Market |
| 14:06 | Build | Blacksmith |
| 14:37 | Create | Villager (Male) |
| 14:51 | Create | Fishing Ship |
| 14:55 | Create | Fire Galley |
| 15:32 | Research | Castle Age |
| 16:08 | Build | House |
| 16:24 | Create | Fire Galley |
| 16:44 | Build | Lumber Camp |
| 17:24 | Research | Double-Bit Axe |
| 17:26 | Create | Fire Galley |
| 17:40 | Create | Fire Galley |
| 17:53 | Build | Lumber Camp |
| 17:57 | Create | Villager (Male) |
| 17:57 | Create | Villager (Male) |
| 18:12 | Age | Castle Age |
| 18:28 | Create | Fire Galley |
| 18:30 | Create | Villager (Male) |
| 18:30 | Create | Villager (Male) |
| 18:32 | Research | Bow Saw |
| 19:07 | Research | War Galley (upgrade) |
| 19:17 | Create | Villager (Male) |
| 19:25 | Build | House |
| 19:26 | Build | House |
| 19:55 | Create | Villager (Male) |
| 19:56 | Create | Villager (Male) |
| 20:02 | Build | Dock |
| 20:43 | Create | Villager (Male) |
| 20:43 | Create | Villager (Male) |
| 20:49 | Create | Demolition Raft |
| 21:13 | Create | Fire Galley |
| 21:14 | Create | Fire Galley |
| 21:15 | Create | Villager (Male) |
| 21:15 | Create | Villager (Male) |
| 21:27 | Create | Villager (Male) |
| 21:27 | Create | Villager (Male) |
| 21:54 | Build | Castle |
| 22:21 | Create | Villager (Male) |
| 22:21 | Create | Villager (Male) |
| 22:59 | Create | Villager (Male) |
| 22:59 | Create | Villager (Male) |
| 23:06 | Build | Town Center |
| 23:11 | Build | Dock |
| 23:13 | Create | Demolition Raft |
| 23:15 | Create | Fishing Ship |
| 23:23 | Create | Conquistador |
| 23:23 | Create | Conquistador |
| 23:39 | Build | Palisade Wall |
| 23:41 | Build | Palisade Wall |
| 23:46 | Build | Palisade Wall |
| 23:47 | Build | Palisade Wall |
| 23:48 | Build | Palisade Wall |
| 23:48 | Build | Palisade Wall |
| 23:59 | Create | Conquistador |
| 23:59 | Create | Conquistador |
| 24:01 | Create | Villager (Male) |
| 24:01 | Create | Villager (Male) |
| 24:03 | Research | Horse Collar |
| 24:05 | Research | Town Watch |
| 24:09 | Research | Wheelbarrow |
| 24:10 | Create | Villager (Male) |
| 24:17 | Create | Fishing Ship |
| 24:18 | Create | Fishing Ship |
| 24:22 | Create | Fishing Ship |
| 24:22 | Create | Fishing Ship |
| 24:22 | Research | Tech 906 |
| 24:41 | Build | Farm |
| 24:41 | Build | Farm |
| 24:42 | Build | Farm |
| 24:43 | Build | Farm |
| 24:44 | Create | Villager (Male) |
| 24:44 | Create | Villager (Male) |
| 24:58 | Create | Villager (Male) |
| 25:04 | Create | Fishing Ship |
| 25:06 | Create | Fishing Ship |
| 25:13 | Build | Farm |
| 25:15 | Build | Farm |
| 25:19 | Build | Farm |
| 25:35 | Create | Conquistador |
| 25:36 | Create | Villager (Male) |
| 25:36 | Create | Villager (Male) |
| 25:46 | Build | Farm |
| 25:48 | Build | Farm |
| 25:51 | Build | Lumber Camp |
| 26:06 | Create | Conquistador |
| 26:20 | Create | Villager (Male) |
| 26:20 | Create | Villager (Male) |
| 26:25 | Build | Farm |
| 26:31 | Create | Conquistador |
| 26:32 | Create | Villager (Male) |
| 26:37 | Create | Fishing Ship |
| 26:37 | Create | Fishing Ship |
| 26:40 | Create | Fishing Ship |
| 26:48 | Create | Villager (Male) |
| 26:48 | Create | Villager (Male) |
| 26:57 | Build | Stone Wall |
| 26:58 | Build | Gate |
| 26:58 | Build | House |
| 26:59 | Build | House |
| 27:06 | Create | Villager (Male) |
| 27:06 | Create | Villager (Male) |
| 27:10 | Create | Villager (Male) |
| 27:20 | Create | Villager (Male) |
| 27:21 | Create | Villager (Male) |
Match timeline
| 0:27 | Vishu · first_building Dock |
| 0:42 | de · first_building Dock |
| 0:55 | 织田信长 · first_building Dock |
| 1:06 | IAN2300252 · first_building Dock |
| 1:07 | 我的魔法會撕裂你 · first_building Dock |
| 1:15 | eraser7987 · first_building Dock |
| 1:25 | de · wall_segment Palisade Wall x1 |
| 1:27 | de · wall_segment Palisade Wall x1 |
| 1:45 | melatonin6666 · first_building Dock |
| 1:48 | maly0728 · first_building Dock |
| 2:22 | IAN2300252 · wall_segment Palisade Wall x1 |
| 11:46 | maly0728 · first_building Barracks |
| 11:57 | maly0728 · wall_segment Palisade Wall x1 |
| 12:03 | de · first_building Barracks |
| 12:15 | maly0728 · age_up feudal |
| 12:36 | 织田信长 · age_up feudal |
| 12:51 | maly0728 · first_building Archery Range |
| 13:02 | melatonin6666 · age_up feudal |
| 13:04 | IAN2300252 · age_up feudal |
| 13:40 | 我的魔法會撕裂你 · age_up feudal |
| 13:48 | Vishu · age_up feudal |
| 13:50 | eraser7987 · age_up feudal |
| 14:41 | de · age_up feudal |
| 14:42 | de · wall_segment Palisade Wall x1 |
| 14:58 | de · first_building Archery Range |
| 15:45 | Vishu · first_building Barracks |
| 16:10 | Vishu · first_market_buy 100 food |
| 17:04 | melatonin6666 · first_building Barracks |
| 17:25 | 我的魔法會撕裂你 · age_up castle |
| 17:55 | Vishu · first_building Stable |
| 17:57 | 织田信长 · age_up castle |
| 18:03 | melatonin6666 · first_building Stable |
| 18:12 | eraser7987 · age_up castle |
| 18:19 | IAN2300252 · first_building Barracks |
| 18:38 | melatonin6666 · age_up castle |
| 18:57 | Vishu · age_up castle |
| 19:48 | 我的魔法會撕裂你 · first_building Castle |
| 19:56 | de · age_up castle |
| 20:10 | IAN2300252 · age_up castle |
| 20:17 | IAN2300252 · first_building Stable |
| 20:57 | 我的魔法會撕裂你 · first_market_buy 100 stone |
| 21:43 | eraser7987 · first_market_sell 100 wood |
| 21:44 | eraser7987 · first_market_buy 100 stone |
| 21:54 | eraser7987 · first_building Castle |
| 22:14 | IAN2300252 · first_building Castle |
| 22:31 | 织田信长 · first_building Castle |
| 22:51 | maly0728 · age_up castle |
| 23:30 | de · wall_segment Palisade Wall x1 |
| 23:33 | de · wall_segment Palisade Wall x1 |
| 23:35 | maly0728 · first_market_buy 100 stone |
| 23:35 | Vishu · first_building Monastery |
| 23:36 | de · wall_segment Palisade Wall x1 |
| 23:39 | eraser7987 · wall_segment Palisade Wall x1 |
| 23:41 | eraser7987 · wall_segment Palisade Wall x1 |
| 23:46 | eraser7987 · wall_segment Palisade Wall x1 |
| 23:47 | eraser7987 · wall_segment Palisade Wall x1 |
| 23:48 | eraser7987 · wall_segment Palisade Wall x1 |
| 23:48 | eraser7987 · wall_segment Palisade Wall x1 |
| 24:00 | maly0728 · first_building Siege Workshop |
| 26:10 | IAN2300252 · first_building Archery Range |
| 26:43 | 织田信长 · wall_segment Stone Wall x12 |
| 26:57 | eraser7987 · wall_segment Stone Wall x2 |
| 27:00 | Vishu · wall_segment Stone Wall x11 |
| 27:32 | eraser7987 · wall_segment Stone Wall x5 |
| 27:38 | Vishu · first_building Castle |
| 28:15 | Vishu · first_market_sell 100 wood |
| 28:48 | eraser7987 · first_building Barracks |
| 29:22 | de · first_building Castle |
| 31:19 | eraser7987 · first_building Stable |
| 31:24 | 织田信长 · age_up imperial |
| 31:25 | eraser7987 · first_building Monastery |
| 31:57 | Vishu · wall_segment Stone Wall x11 |
| 32:06 | Vishu · wall_segment Stone Wall x7 |
| 32:12 | eraser7987 · wall_segment Stone Wall x1 |
| 32:17 | eraser7987 · wall_segment Stone Wall x1 |
| 32:19 | eraser7987 · wall_segment Stone Wall x4 |
| 32:23 | eraser7987 · wall_segment Stone Wall x3 |
| 32:27 | eraser7987 · wall_segment Stone Wall x1 |
| 32:53 | maly0728 · first_building Monastery |
| 33:08 | IAN2300252 · wall_segment Stone Wall x10 |
| 33:49 | Vishu · age_up imperial |
| 33:57 | Vishu · wall_segment Stone Wall x8 |
| 35:01 | melatonin6666 · first_building Monastery |
| 35:06 | maly0728 · first_building Castle |
| 36:00 | eraser7987 · wall_segment Stone Wall x8 |
| 36:25 | eraser7987 · age_up imperial |
| 36:50 | eraser7987 · first_building Archery Range |
| 37:59 | 织田信长 · first_building Barracks |
| 38:56 | 织田信长 · first_building Archery Range |
| 39:45 | 我的魔法會撕裂你 · first_building Barracks |
| 39:55 | maly0728 · age_up imperial |
| 41:21 | melatonin6666 · age_up imperial |
| 42:59 | 我的魔法會撕裂你 · first_building Archery Range |
| 43:14 | 我的魔法會撕裂你 · age_up imperial |
| 44:02 | 我的魔法會撕裂你 · first_building Stable |
| 44:29 | eraser7987 · wall_segment Palisade Wall x1 |
| 44:32 | eraser7987 · wall_segment Palisade Wall x4 |
| 44:34 | eraser7987 · wall_segment Palisade Wall x1 |
| 45:43 | Vishu · first_building Siege Workshop |
| 45:54 | eraser7987 · tribute_sent a jugador 1 |
| 45:54 | eraser7987 · tribute_sent a jugador 2 |
| 45:54 | eraser7987 · tribute_sent a jugador 3 |
| 45:54 | eraser7987 · tribute_sent a jugador 4 |
| 45:54 | eraser7987 · tribute_sent a jugador 5 |
| 45:54 | eraser7987 · tribute_sent a jugador 6 |
| 45:54 | eraser7987 · tribute_sent a jugador 7 |
| 46:15 | melatonin6666 · first_building Castle |
| 47:21 | 织田信长 · first_building Stable |
| 49:09 | melatonin6666 · first_building Archery Range |
| 49:20 | eraser7987 · wall_segment Stone Wall x9 |
| 49:22 | eraser7987 · wall_segment Stone Wall x3 |
| 49:28 | de · first_building Siege Workshop |
| 50:08 | IAN2300252 · first_market_buy 100 wood |
| 52:16 | de · age_up imperial |
| 53:35 | 我的魔法會撕裂你 · resign |
[ AI ANALYSIS · 1 CREDIT ]
What really happened in this match?
Wolo.gg analyzes every decision: build order, eco, micro, common mistakes by bracket. Personalized analysis on WhatsApp or Discord in 30 seconds.
Civ guide
Persians
Perfil
Jugador #11622357